 Dungeon Crawl Stone Soup version 0.29.1-14-g9c671dbff4 (webtiles) character file.

Game seed: 9235044071193821687

28430 sweetbreads the Earth Mage (level 13, -11/78 HPs)
             Began as a Gargoyle Earth Elementalist on Feb 16, 2023.
             Was an Initiate of Gozag.
             Mangled by a boulder beetle (48 damage)
             ... on level 11 of the Dungeon.
             The game lasted 01:29:59 (23802 turns).

sweetbreads the Earth Mage (GrEE)                  Turns: 23802, Time: 01:29:59

Health: -11/78     AC: 21    Str: 12    XL:     13   Next: 38%
Magic:  10/16      EV: 28    Int: 27    God:    Gozag
Gold:   2485       SH:  0    Dex: 10    Spells: 4/16 levels left

rFire   + + .      SeeInvis .   a - +4 flail (protect)
rCold   x . .      Faith    .   (no shield)
rNeg    + + .      Spirit   .   W - +2 robe {Will+}
rPois   ∞          Reflect  .   e - +2 hat {Stlth+}
rElec   +          Harm     .   v - +2 cloak
rCorr   .          Rampage  .   (no gloves)
Will    +....                   g - +2 pair of boots
Stlth   ++++......              F - amulet of Bonetzir {Acrobat +Inv rF+}
HPRegen 0.23/turn               u - +6 ring of intelligence
MPRegen 0.15/turn               s - ring "Neson" {Fire rN+ Stlth+}

@: acrobatic
A: sickness immunity, AC +9, negative energy resistance 1, electricity
resistance, torment resistance 1, petrification resistance
a: Renounce Religion, Evoke Invisibility, Potion Petition, Call Merchant, Bribe
Branch


You were on level 11 of the Dungeon.
You worshipped Gozag.
Gozag was most pleased with you.
You visited 3 branches of the dungeon, and saw 17 of its levels.

You collected 3281 gold pieces.
You spent 674 gold pieces at shops.
You paid 122 gold pieces to Gozag.

Inventory:

Hand Weapons
 a - a +4 flail of protection (weapon)
 b - a +2 morningstar of freezing
 c - a +3 vampiric morningstar
 K - a +1 hand axe of pain
Missiles
 i - 26 poisoned darts (quivered)
 r - a throwing net
Armour
 e - a +2 hat of stealth (worn)
 g - a +2 pair of boots (worn)
 v - a +2 cloak (worn)
 G - a scarf of repulsion
 W - a +2 robe of willpower (worn)
Jewellery
 h - a ring of flight
 s - the ring "Neson" (right hand) {Fire rN+ Stlth+}
   (You found it on level 11 of the Dungeon)

   [ring of fire]

   It enhances your fire magic.
   rF:        It protects you from fire.
   rC:        It makes you vulnerable to cold.
   rN:        It protects you from negative energy.
   Stlth:     It makes you more stealthy.
 u - a +6 ring of intelligence (left hand)
 F - the amulet of Bonetzir (around neck) {Acrobat +Inv rF+}
   (You found it on level 1 of the Lair of Beasts)

   [amulet of the acrobat]

   It increases your evasion while moving and waiting.
   rF:        It protects you from fire.
   +Inv:      It lets you turn invisible.
Wands
 y - a wand of flame (37)
 B - a wand of quicksilver (11)
 C - a wand of roots (13)
 H - a wand of mindburst (5)
 N - a wand of digging (5)
 R - a wand of polymorph (7)
 Z - a wand of charming (8)
Scrolls
 j - 2 scrolls of teleportation
 k - 3 scrolls of blinking
 n - 2 scrolls of identify
 q - a scroll of silence
 t - a scroll of enchant armour
 x - a scroll of brand weapon
 D - 2 scrolls of torment
 E - 2 scrolls of immolation
 I - 3 scrolls of fear
 J - 2 scrolls of butterflies
 O - a scroll of enchant weapon
 Q - 2 scrolls of poison
Potions
 d - 5 potions of curing
 f - 5 potions of brilliance
 l - a potion of heal wounds
 m - 6 potions of might
 o - 5 potions of haste
 p - 4 potions of berserk rage
 w - a potion of cancellation
 z - 4 potions of magic
 A - 2 potions of lignification
 M - a potion of mutation {unknown}
 Y - a potion of ambrosia
Miscellaneous
 L - a phantom mirror


   Skills:
 - Level 8.0 Fighting
 * Level 6.2 Dodging
 - Level 4.0 Stealth
 - Level 2.0 Spellcasting
 - Level 8.0 Conjurations
 - Level 4.0 Transmutations
 - Level 4.0 Fire Magic
 - Level 20.0 Earth Magic
 * Level 2.3 Evocations


You had 4 spell levels left.
You knew the following spells:

 Your Spells              Type           Power      Damage    Failure   Level
a - Sandblast             Erth           100%       2d20      0%          1
b - Stone Arrow           Conj/Erth      100%       3d13      1%          3
c - Petrify               Tmut/Erth      61%        N/A       1%          4
d - Passwall              Tmut/Erth      50%        N/A       1%          2
e - Searing Ray           Conj           90%        2d7       1%          2

Your spell library contained the following spells:

 Spells                   Type           Power      Damage    Failure   Level
 Magic Dart               Conj           100%       1d8       1%          1
 Conjure Flame            Conj/Fire      51%        6-21      2%          3
 Dazzling Flash           Conj/Hex       48%        N/A       5%          3
 Sticky Flame             Conj/Fire      51%        2d7       9%          4
 Apportation              Tloc           4%         N/A       10%         1
 Ignite Poison            Fire/Tmut/Pois 25%        N/A       10%         3
 Mephitic Cloud           Conj/Pois/Air  17%        N/A       10%         3
 Spider Form              Tmut/Pois      13%        N/A       13%         3
 Ensorcelled Hibernation  Hex/Ice        4%         N/A       14%         2
 Fulminant Prism          Conj/Hex       12%        3d9       19%         4
 Portal Projectile        Hex/Tloc       4%         N/A       28%         3
 Tukima's Dance           Hex            2%         N/A       28%         3
 Anguish                  Hex/Necr       1%         N/A       67%         4
 Blade Hands              Tmut           12%        N/A       45%         5
 Freezing Cloud           Conj/Ice/Air   8%         6-21      67%         5
 Alistair's Intoxication  Tmut/Pois      8%         N/A       75%         5
 Agony                    Necr           2%         N/A       95%         5
 Silence                  Hex/Air        1%         N/A       95%         5


Dungeon Overview and Level Annotations

Branches:
Dungeon (12/15)            Temple (1/1) D:5            Lair (4/5) D:11
 Shoals (0/4) Lair:2       Spider (0/4) Lair:3        Slime (0/5) Lair:4
    Orc (0/2) D:9

Altars:
Ashenzari
Cheibriados
Dithmenos
Elyvilon
Fedhas
Gozag
Hepliaklqana
Kikubaaqudgha
Makhleb
Nemelex Xobeh
Okawaru
Qazlal
Ru
Sif Muna
Trog
Uskayaw
Vehumet
Wu Jian
Xom
Yredelemnul
Zin
The Shining One
Lugonu

Shops:
D:1 [[[*(   D:7 *

Portals:
Abyss: D:5

Annotations:
D:11 3 runed translucent doors, nroviw's ghost, journeyman DsGl
D:12 Sonja
Lair:4 Nessos; Rupert


Innate Abilities, Weirdness & Mutations

You are immune to sickness and miasma.
Your stone body is resilient. (AC +9)
You are immune to poison.
You resist negative energy. (rN+)
You are resistant to electric shocks. (rElec)
You are resistant to unholy torment.
You are immune to petrification.


Message History

Unknown command.
Casting: Sandblast (safe; 0% risk of failure)
Confirm with . or Enter, or press ? or * to list all spells.
Aiming: Sandblast (safe; 0% risk of failure)
Press: ? - help, Shift-Dir - straight line, f/p - boulder beetle
Aim: a boulder beetle (moderately wounded, 100% to hit)
The blast of sand hits the boulder beetle but does no damage.
The boulder beetle is moderately wounded.
The boulder beetle closely misses you.
Unknown command.
Casting: Sandblast (safe; 0% risk of failure)
Confirm with . or Enter, or press ? or * to list all spells.
Aiming: Sandblast (safe; 0% risk of failure)
Press: ? - help, Shift-Dir - straight line, f/p - boulder beetle
Aim: a boulder beetle (moderately wounded, 100% to hit)
The blast of sand hits the boulder beetle but does no damage.
The boulder beetle is moderately wounded.
The boulder beetle closely misses you.
The boulder beetle bites you but does no damage.
Casting: Sandblast (safe; 0% risk of failure)
Confirm with . or Enter, or press ? or * to list all spells.
Aiming: Sandblast (safe; 0% risk of failure)
Press: ? - help, Shift-Dir - straight line, f/p - boulder beetle
Aim: a boulder beetle (moderately wounded, 100% to hit)
The blast of sand hits the boulder beetle but does no damage.
The boulder beetle is moderately wounded.
The boulder beetle bites you!
Unknown command.
The boulder beetle bites you.
You climb upwards.
Level annotation: 3 runed translucent doors, nroviw's ghost, journeyman DsGl
There is a stone staircase leading down here.
Unknown command.
The boulder beetle attacks as you move away!
The boulder beetle barely misses you.
The boulder beetle curls into a ball and begins rolling!
The boulder beetle hits you!!!
Ouch! That really hurt!
You die...
Your body crumbles into a pile of gold.

########################
#.......................
#............##...###...
#...#........##...###...
#...#...................
#...#..○°°.##'##########
#.....B##..#.....#......
#......@...#.....#......
#..##.#'####.....##.....
#..##.#...##.....##.....
#.....#...##.....##.....
#.....+...##.....##.....
#.....#...##.....##.....
#.....#...##.....##.....
#...#.#######...........
#...###♣♣♣♣.###.........


You could see a boulder beetle (rolling).

Vanquished Creatures
  Gastronok (D:9)
  A boulder beetle (D:11)
  A hydra (Lair:1)
  4 two-headed ogres
  Amaemon (D:8)
  4 elephants (Lair:1)
  A cyclops (D:12)
  A manticore (D:11)
  2 merfolk sirens (Lair:2)
  2 black mambas
  An orange demon (D:9)
  3 gargoyles
  4 cane toads
  3 kobold demonologists
  A rime drake (Lair:1)
  2 komodo dragons
  Psyche (D:8)
  3 trolls
  3 polar bears
  A merfolk (Lair:2)
  A hornet (D:9)
  5 blink frogs (Lair:3)
  Sigmund (D:4)
  A shadow (D:10)
  3 wyverns
  2 wraiths
  A vampire (D:9)
  22 yaks
  A basilisk (D:10)
  5 steam dragons
  Grum (D:9)
  Edmund (D:4)
  Duvessa (D:7)
  An acid dragon (D:11)
  8 water moccasins
  5 orc warriors
  A swamp drake (D:9)
  2 ice beasts (D:8)
  2 black bears
  11 wolves
  3 ogres
  A phantom (D:5)
  6 centaurs
  5 kobold brigands
  7 bullfrogs
  A gnoll sergeant (D:7)
  A necrophage (D:6)
  2 scorpions
  14 wights
  Dowan (D:7)
  7 killer bees
  3 electric eels
  4 howler monkeys
  3 jellies
  2 hounds
  Crazy Yiuf (D:7)
  7 orc priests
  2 iguanas
  Ijyb (D:3)
  Natasha (thrice) (D:4)
  14 orc wizards
  8 adders
  11 gnolls
  3 shadow imps
  A white imp (D:6)
  2 worms
  2 dart slugs
  41 orcs
  5 bats
  8 endoplasms
  4 giant cockroaches
  12 goblins
  5 hobgoblins
  10 jackals
  3 quokkas
  9 ball pythons
  A frilled lizard (D:1)
  18 kobolds
  6 rats
  A lurking horror (D:5)
353 creatures vanquished.

Vanquished Creatures (collateral kills)
  A hydra (D:9)
1 creature vanquished.

Vanquished Creatures (others)
  An orc wizard (D:5)
  An orc (D:9)
  7 fungi
  19 plants
28 creatures vanquished.

Grand Total: 382 creatures vanquished

Notes
Turn   | Place    | Note
-------+----------+-------------------------------------------
     0 | D:1      | sweetbreads the Gargoyle Earth Elementalist began the quest
                  | for the Orb.
     0 | D:1      | Reached XP level 1. HP: 10/10 MP: 3/3
    79 | D:1      | Found Fuvack's Armour Emporium.
   126 | D:1      | Found a faded altar of an unknown god.
   169 | D:1      | You fall into a shaft and drop 1 floor!
   185 | D:2      | Reached skill level 4 in Earth Magic
   226 | D:2      | Reached XP level 2. HP: 15/15 MP: 1/5
   231 | D:2      | Reached skill level 1 in Transmutations
   771 | D:2      | Reached XP level 3. HP: 14/19 MP: 0/6
   946 | D:1      | Found Xofusk's General Store.
   998 | D:1      | Found Wisuuxin's Antique Weapon Shoppe.
  1105 | D:1      | Found Comnian's Armour Emporium.
  1435 | D:2      | Reached skill level 5 in Earth Magic
  1436 | D:2      | Reached XP level 4. HP: 18/24 MP: 3/7
  1593 | D:1      | Found Yhunih's Antique Armour Emporium.
  1635 | D:1      | Reached skill level 1 in Fighting
  2450 | D:3      | Found a white marble altar of Elyvilon.
  2459 | D:3      | Reached XP level 5. HP: 30/30 MP: 5/8
  2526 | D:3      | Noticed Ijyb
  2618 | D:3      | Reached skill level 6 in Earth Magic
  2776 | D:3      | Killed Ijyb
  3373 | D:4      | Noticed an ogre
  3378 | D:4      | Killed an ogre
  3379 | D:4      | Reached skill level 7 in Earth Magic
  3379 | D:4      | Reached XP level 6. HP: 36/36 MP: 6/9
  3620 | D:4      | Noticed Natasha
  3623 | D:4      | Killed Natasha
  3736 | D:4      | Noticed Natasha
  3739 | D:4      | Killed Natasha
  3742 | D:4      | Noticed Edmund
  3756 | D:4      | Killed Edmund
  3757 | D:4      | Reached skill level 8 in Earth Magic
  3757 | D:4      | Reached XP level 7. HP: 8/41 MP: 1/10
  4018 | D:4      | Learned a level 3 spell: Stone Arrow
  4023 | D:4      | Learned a level 4 spell: Petrify
  4026 | D:4      | Learned a level 2 spell: Passwall
  4143 | D:4      | Noticed Sigmund
  4195 | D:4      | Noticed Natasha
  4197 | D:4      | Killed Natasha
  4351 | D:5      | Entered Level 5 of the Dungeon
  4635 | D:6      | Reached skill level 9 in Earth Magic
  4699 | D:6      | Found an ornate altar of the Wu Jian Council.
  5089 | D:6      | Reached XP level 8. HP: 48/48 MP: 8/11
  5194 | D:5      | Found a corrupted altar of Lugonu.
  5195 | D:5      | Found a one-way gate to the infinite horrors of the Abyss.
  5292 | D:5      | Found a staircase to the Ecumenical Temple.
  5301 | Temple   | Entered the Ecumenical Temple
  5426 | Temple   | Became a worshipper of Gozag Ym Sagoz the Greedy
  5482 | D:5      | Reached skill level 10 in Earth Magic
  5530 | D:5      | Reached skill level 1 in Conjurations
  5804 | D:1      | Bought an embroidered scarf for 224 gold pieces
  6261 | D:5      | Reached skill level 11 in Earth Magic
  6616 | D:6      | Reached XP level 9. HP: 7/52 MP: 7/12
  7234 | D:7      | Reached skill level 12 in Earth Magic
  8184 | D:6      | Learned a level 2 spell: Searing Ray
  8415 | D:7      | Reached skill level 13 in Earth Magic
  8570 | D:7      | Found Edwidusa's Island Escapes.
  8583 | D:7      | Bought a scroll of blinking for 97 gold pieces
  8583 | D:7      | Bought a scroll of blinking for 97 gold pieces
  8633 | D:7      | Noticed Duvessa
  8738 | D:7      | Killed Duvessa
  8738 | D:7      | Noticed Dowan
  8745 | D:7      | Killed Dowan
  9171 | D:7      | Reached XP level 10. HP: 30/58 MP: 8/13
  9330 | D:7      | Found a runed translucent door.
  9331 | D:7      | Noticed Crazy Yiuf
  9336 | D:7      | Killed Crazy Yiuf
  9502 | D:4      | Killed Sigmund
  9613 | D:1      | Bought a +1 pair of boots for 126 gold pieces
  9642 | D:1      | Bought a potion of haste for 130 gold pieces
 10171 | D:8      | Found an iron altar of Okawaru.
 10173 | D:8      | Reached skill level 14 in Earth Magic
 10521 | D:8      | Reached skill level 5 in Fighting
 10663 | D:8      | Noticed Psyche
 10830 | D:9      | Noticed Grum
 10837 | D:9      | Killed Grum
 11179 | D:9      | Noticed Amaemon
 11179 | D:9      | Noticed an orange demon
 11185 | D:8      | Killed Amaemon
 11206 | D:9      | Killed an orange demon
 11207 | D:9      | Reached skill level 15 in Earth Magic
 11661 | D:9      | Noticed a two-headed ogre
 11667 | D:9      | Killed a two-headed ogre
 11668 | D:9      | Reached XP level 11. HP: 39/64 MP: 8/14
 11827 | D:9      | Noticed a two-headed ogre
 12291 | D:9      | Reached skill level 5 in Conjurations
 12291 | D:9      | Reached skill level 16 in Earth Magic
 12625 | D:9      | Found a staircase to the Orcish Mines.
 13056 | D:10     | Entered Level 10 of the Dungeon
 13114 | D:10     | Noticed a six-headed hydra
 13163 | D:9      | Killed a two-headed ogre
 13472 | D:9      | Noticed Gastronok
 13492 | D:9      | Killed Gastronok
 13673 | D:9      | Killed a six-headed hydra
 13674 | D:9      | Reached skill level 17 in Earth Magic
 14021 | D:10     | Noticed a two-headed ogre
 14029 | D:10     | Killed a two-headed ogre
 15266 | D:8      | Killed Psyche
 15267 | D:8      | Reached XP level 12. HP: 72/72 MP: 8/15
 15518 | D:11     | Noticed a boulder beetle
 15612 | D:11     | Found a glowing silver altar of Zin.
 15824 | D:11     | Reached skill level 18 in Earth Magic
 16179 | D:11     | Noticed a minotaur
 16183 | D:11     | Noticed nroviw's ghost (journeyman DsGl)
 16197 | D:11     | Noticed a two-headed ogre
 16233 | D:11     | Noticed a boulder beetle
 16484 | D:11     | Found a runed translucent gate.
 16484 | D:11     | Found a runed translucent gate.
 16484 | D:11     | Found a runed translucent gate.
 16571 | D:11     | Identified the ring "Neson" {Fire rN+ Stlth+}
 16632 | D:11     | Found a staircase to the Lair.
 17609 | D:12     | Noticed a five-headed hydra
 17826 | D:11     | Killed a boulder beetle
 18104 | D:12     | Noticed a two-headed ogre
 18114 | D:12     | Killed a two-headed ogre
 18239 | D:12     | Noticed Sonja
 18323 | Lair:1   | Entered Level 1 of the Lair of Beasts
 18353 | Lair:1   | Learned a level 3 spell: Conjure Flame
 18913 | Lair:1   | Reached skill level 1 in Fire Magic
 18941 | Lair:1   | Identified the amulet of Bonetzir {Acrobat +Inv rF+}
 19156 | Lair:1   | Reached skill level 19 in Earth Magic
 19756 | Lair:2   | Noticed a seven-headed hydra
 19772 | Lair:1   | Killed a seven-headed hydra
 20877 | Lair:2   | Found a staircase to the Shoals.
 20889 | Lair:2   | Reached skill level 5 in Dodging
 20889 | Lair:2   | Reached XP level 13. HP: 78/78 MP: 10/16
 21183 | Lair:3   | Found a hole to the Spider Nest.
 22523 | Lair:3   | Reached skill level 20 in Earth Magic
 22686 | Lair:4   | Noticed Rupert
 22688 | Lair:4   | Reached skill level 1 in Evocations
 22851 | Lair:4   | Noticed Nessos
 23290 | Lair:4   | Found a staircase to the Slime Pits.
 23802 | D:11     | Mangled by a boulder beetle

Illustrated notes

Levels and vault maps discovered:
D:1:      minmay_arrival_split_and_join, layout_basic,
          hellmonk_ecumenical_altar_arch_garden, serial_shops,
          nicolae_diamond_shop, nicolae_shop_behind_doors, shop,
          nicolae_shop_waterfront, shop, corexii_corridor_pit, st_stairs_14,
          supply_closet_lemuel
D:2:      layout_loops_ring, grunt_decor_clamped, dreamdust_princess_bridge
D:3:      layout_basic, elyvilon_altar_4, minmay_shallow_snake_nest, uniq_ijyb
D:4:      layout_loops_corners, uniq_natasha, uniq_sigmund, uniq_edmund
D:5:      layout_loops_ring, minmay_temple_entry_gardened_gates,
          amcnicky_altar_lugonu_corruption
D:6:      layout_loops_ring, nzn_wu_jian_contemplation, serial_glass,
          glass_columns_b, glass_columns_a, hangedman_abyss_or_decor_slice
D:7:      layout_cave_pods, minivault_14, grunt_ministairs_10,
          nicolae_island_escapes, uniq_duvessa, uniq_crazy_yiuf_cottage
D:8:      layout_gridville, kennysheep_okawaru_gauntlet, uniq_psyche
D:9:      layout_irregular_city, erik_orc_1, nicolae_wand_duel,
          minmay_joined_circles, uniq_amaemon, uniq_gastronok, uniq_grum
D:10:     layout_basic, enter_bailey_5
D:11:     layout_stronghold, david_lair_shrubbed,
          maelrawn_ghost_gauntlet_escape, zin_academy
D:12:     layout_roguey, uniq_sonja
Temple:   nicolae_temple_bog_church
Lair:1:   layout_cave_pods, grunt_megastairs_3
Lair:2:   layout_chaotic_city, elwin_shoals_entry_rooms,
          hangedman_lair_unloving_vines, serial_bayou_pond_e,
          lemuel_fruit_fields
Lair:3:   layout_cave_shapes, nicolae_spider_entry_orb_guardian
Lair:4:   layout_misc_corridors, slime_entry_1,
          portal_ice_cave_entry_animals_and_master, cheibrodos_lair_lostbears,
          lemuel_fruit_fields, grunt_megastairs_2, uniq_rupert, uniq_nessos

Skill      XL: |  1  2  3  4  5  6  7  8  9 10 11 12 13 |
---------------+----------------------------------------+-----
Earth Magic    | 4 5 7 8 9 11 13 15 17 19 20 | 20.0
Transmutations | 1 2 3 4 |  4.0
Dodging        | 2 4 5 6 |  6.2
Fighting       | 1 2 3 4 6 7 8 |  8.0
Stealth        | 3 4 |  4.0
Conjurations   | 2 4 6 7 8 |  8.0
Fire Magic     | 2 4 |  4.0
Evocations     | 2 |  2.3
Spellcasting   | |  2.0

Action                   |  1- 3 |  4- 6 |  7- 9 | 10-12 | 13-15 || total
-------------------------+-------+-------+-------+-------+-------++-------
Melee: Whip              |    22 |     2 |       |       |       ||    24
       Punch             |     1 |       |       |       |       ||     1
       Flail             |       |       |    13 |    31 |    10 ||    54
Throw: Dart              |       |     1 |    10 |    54 |       ||    65
 Cast: Sandblast         |    44 |    85 |   145 |   428 |   133 ||   835
       Petrify           |       |       |     1 |    15 |       ||    16
       Stone Arrow       |       |       |       |     1 |       ||     1
       Conjure Flame     |       |       |       |       |     2 ||     2
Evoke: Wand              |       |       |       |       |     1 ||     1
  Use: Scroll            |       |       |       |    29 |     4 ||    33
       Potion            |       |       |       |     5 |     2 ||     7
Armor: Robe              |    11 |    10 |    26 |   253 |    96 ||   396
Dodge: Dodged            |    26 |    23 |    45 |   344 |   123 ||   561
       Repelled          |       |       |     1 |     1 |       ||     2
